 Dungeon Crawl Stone Soup version 0.28-a0-1447-ga5a8893891 (webtiles) character file.

Game seed: 17302579732065977964

103073 dolemite99 the Blocker (level 15, -3/144 HPs)
             Began as a Deep Dwarf Fighter on Jan 11, 2022.
             Was a High Priest of Makhleb.
             Slain by a pharaoh ant (18 damage)
             ... on level 1 of the Spider Nest on Jan 12, 2022.
             The game lasted 01:13:39 (34507 turns).

dolemite99 the Blocker (Deep Dwarf Fighter)        Turns: 34507, Time: 01:13:39

Health: -3/144     AC: 27    Str: 25    XL:     15   Next: 88%
Magic:  5/5        EV:  8    Int: 11    God:    Makhleb [*****.]
Gold:   96         SH: 13    Dex: 15    Spells: 14/14 levels left

rFire   + . .      SeeInvis .   a - +3 trident (venom)
rCold   + + .      Faith    +   U - +0 kite shield
rNeg    + + .      Spirit   .   G - +9 chain mail of Ycatorun {Dex+3 Slay+2}
rPois   +          Reflect  .   (no helmet)
rElec   +          Harm     .   q - scarf {shadows}
rCorr   +          Rampage  .   (no gloves)
Will    ++...                   N - +0 pair of boots
Stlth   ..........              e - amulet of faith
HPRegen 0.00/turn               M - ring of poison resistance
MPRegen 0.09/turn               h - ring "Rantelung" {rC+ rN+ AC+4, =R}

@: resistant, slowed, very slow
A: damage resistance, heal wounds, negative energy resistance 1, sense
surroundings 2, no regeneration
a: Heal Wounds, Renounce Religion, Minor Destruction, Lesser Servant of Makhleb,
Major Destruction, Greater Servant of Makhleb


You were on level 1 of the Spider Nest.
You worshipped Makhleb.
Makhleb was extremely pleased with you.
You visited 5 branches of the dungeon, and saw 25 of its levels.

You collected 2132 gold pieces.
You spent 2036 gold pieces at shops.

Inventory:

Hand Weapons
 a - a +3 trident of venom (weapon)
 b - the +2 hand crossbow of Light {venom, rCorr}
   (You bought it in a shop on level 1 of the Dungeon)

   Any ammunition fired from it poisons the flesh of those it strikes.
   rCorr:     It protects you from acid and corrosion.
 g - a +2 vorpal war axe
 T - the +7 spear of Internal Strife {speed, +Blink rF+ Int+2}
   (You found it on level 2 of the Dungeon)

   Attacks with this weapon are significantly faster.
   Int:       It affects your intelligence (+2).
   rF:        It protects you from fire.
   +Blink:    It lets you blink.
Missiles
 d - 17 javelins (quivered)
 k - 213 sling bullets
 n - 95 bolts
 p - 7 curare-tipped darts
 H - 125 poisoned darts
 P - 552 stones
 Q - 23 boomerangs
Armour
 q - a scarf of shadows (worn)
 G - the +9 chain mail of Ycatorun (worn) {Dex+3 Slay+2}
   (You found it on level 7 of the Dungeon)

   Dex:       It affects your dexterity (+3).
   Slay:      It affects your accuracy & damage with ranged weapons and melee
   (+2).
 N - a +0 pair of boots (worn)
 U - a +0 kite shield (worn)
Magical Staves
 l - a staff of air
Jewellery
 e - an amulet of faith (around neck)
 h - the ring "Rantelung" (right hand) {rC+ rN+ AC+4, =R}
   (You took it off a goblin on level 2 of the Dungeon)

   [ring of protection]

   AC:        It affects your AC (+4).
   rC:        It protects you from cold.
   rN:        It protects you from negative energy.
 i - a ring of wizardry
 u - a ring of willpower
 x - the ring of Nonoc {Wiz Str+5}
   (You found it on level 4 of the Lair of Beasts)

   [ring of wizardry]

   It improves your spell success rate.
   Str:       It affects your strength (+5).
 y - a ring of ice
 D - a ring of resist corrosion
 E - a ring of protection from fire
 M - a ring of poison resistance (left hand)
Wands
 j - a wand of iceblast (2)
 m - a wand of paralysis (6)
 A - a wand of polymorph (21)
 J - a wand of charming (6)
 K - a wand of mindburst (8)
 R - a wand of flame (8)
 X - a wand of digging (2)
Scrolls
 c - a scroll of silence
 s - 3 scrolls of enchant weapon
 F - 3 scrolls of teleportation
 I - 10 scrolls of identify {@r1}
 L - 3 scrolls of magic mapping
 O - 3 scrolls of amnesia
 W - 3 scrolls of blinking
 Y - 2 scrolls of vulnerability
Potions
 f - 3 potions of resistance
 o - 6 potions of haste
 r - 2 potions of magic
 t - 5 potions of flight
 v - 3 potions of lignification
 w - 9 potions of curing
 z - 2 potions of berserk rage
 B - 2 potions of cancellation
 C - 4 potions of brilliance
 S - a potion of might


   Skills:
 - Level 11.8 Fighting
 - Level 9.6(12.3) Axes
 - Level 10.4(11.5) Polearms
 - Level 6.9 Slings
 - Level 9.7 Crossbows
 - Level 13.0 Armour
 - Level 14.8 Shields
 - Level 13.3 Invocations
 + Level 9.8 Evocations


You had 14 spell levels left.
You didn't know any spells.
Your spell library contained the following spells:

 Spells                   Type           Power      Damage    Failure   Level
 Foxfire                  Conj/Fire      0%         2x1d4     95%         1
 Slow                     Hex            0%         N/A       95%         1
 Confusing Touch          Hex            0%         N/A       100%        3
 Conjure Flame            Conj/Fire      0%         6-21      100%        3
 Gell's Gravitas          Tloc           0%         N/A       100%        3
 Ignite Poison            Fire/Tmut/Pois 0%         N/A       100%        3
 Inner Flame              Hex/Fire       0%         N/A       100%        3
 Lesser Beckoning         Tloc           0%         N/A       100%        3
 Teleport Other           Tloc           0%         N/A       100%        3
 Vampiric Draining        Necr           0%         2d6       100%        3
 Flame Wave               Conj/Fire      0%         2d4       100%        4
 Sticky Flame             Conj/Fire      0%         2d3       100%        4
 Borgnjor's Vile Clutch   Necr/Erth      0%         N/A       100%        5
 Lightning Bolt           Conj/Air       0%         1d11      100%        5
 Dispersal                Tloc           0%         N/A       100%        6


Dungeon Overview and Level Annotations

Branches:
Dungeon (15/15)            Temple (1/1) D:5            Lair (6/6) D:9
  Snake (0/4) Lair:4       Spider (1/4) Lair:2          Orc (2/2) D:9
    Elf (0/3) Orc:2        Vaults (0/5) D:13         Depths (0/4) D:15
  Slime: Lair:5-6

Altars:
Ashenzari
Cheibriados
Dithmenos
Elyvilon
Fedhas
Gozag
Hepliaklqana
Kikubaaqudgha
Makhleb
Nemelex Xobeh
Okawaru
Qazlal
Ru
Sif Muna
Trog
Uskayaw
Vehumet
Wu Jian
Xom
Yredelemnul
Zin
The Shining One
Beogh

Shops:
D:1 :([*   D:5 :   D:6 =   D:7 (   D:15 ((*!!   Orc:1 (   Orc:2 =*[*([

Annotations:
Lair:2 exclusion: oklob plant
Lair:4 2 transporters, Ucinyis's ghost, journeyman MfBe
Lair:5 exclusion: 3 oklob plants
Lair:6 1 exclusion


Innate Abilities, Weirdness & Mutations

You are resistant to damage.
You can heal yourself by infusing magical energy.
You resist negative energy. (rN+)
You passively map the area around you.
You do not regenerate.


Message History

You feel yourself speed up.
The jumping spider is healed somewhat.
You block the tarantella's attack. The wolf spider hits you.
You block the wolf spider's attack.
The jumping spider pounces on you but does no damage.
The jumping spider bites you. You block the redback's attack.
The tarantella touches you but does no damage.
The redback closely misses you.
The jumping spider is healed somewhat.
The jumping spider pounces on you but does no damage.
You block the jumping spider's attack. The tarantella closely misses you.
Being near the torpor snail leaves you feeling lethargic.
The wolf spider hits you but does no damage.
The wolf spider bites you.
The jumping spider leaps!
The jumping spider pounces on you. The jumping spider closely misses you.
The redback bites you but does no damage.
The redback barely misses you.
The tarantella touches you but does no damage.
You barely miss the tarantella.
The tarantella is almost dead.
You kill the tarantella!
Makhleb accepts your kill.
You feel better. You block the jumping spider's attack.
The jumping spider bites you but does no damage.
The tarantella touches you but does no damage.
The jumping spider leaps!
The wolf spider hits you! You block the wolf spider's attack.
The jumping spider leaps!
You block the redback's attack.
The redback bites you but does no damage.
The jumping spider leaps!
The tarantella touches you. The wolf spider hits you!
* * * LOW HITPOINT WARNING * * *
The wolf spider bites you but does no damage.
The redback bites you but does no damage.
The redback bites you but does no damage.
The pharaoh ant bites you!!
* * * LOW HITPOINT WARNING * * *
The jumping spider's wounds heal themselves!
The jumping spider leaps!
You block the pharaoh ant's attack.
The jumping spider pounces on you but does no damage.
The jumping spider closely misses you.
The jumping spider leaps!
The pharaoh ant bites you!!
You die... , , * ** ,, * ,, *, , , * , , * * , , , ,, , ** ,, * * * , , ###* * , ,, ,, ##.##, *, , ##...#,> , ,* *+#<.s.## * * * #°sB@.# * *, , , , * #sswss##

*##. , ,,* ,
##.ssss###....,,
, *
#...#ys#....#. ,
, #.....°......s
, , *
#.°.....#.....,*
, * ###.##.#.
.... * * * ...
.....*..., ,,, *
......#....,.. ,


You could see a sun moth, a torpor snail, a wolf spider, a pharaoh ant, 2
culicivoras, 4 jumping spiders, a tarantella and 3 redbacks.

Vanquished Creatures
  Rupert (D:13)
  An ironbound preserver (D:13)
  Erolcha (D:13)
  An ice dragon (Lair:4)
  9 hydras
  3 boulder beetles
  2 ogre magi (D:15)
  2 centaur warriors
  A two-headed ogre (shapeshifter) (D:13)
  A death knight (D:15)
  11 death yaks
  9 two-headed ogres
  Urug (D:11)
  An orc high priest (Orc:2)
  3 deep elf knights (D:14)
  4 skeletal warriors
  2 wizards (D:15)
  A phantasmal warrior (D:15)
  A deep elf zephyrmancer (D:14)
  7 orc knights
  4 deep elf pyromancers
  A necromancer (D:15)
  4 orc sorcerers
  5 manticores
  2 ugly things
  6 cyclopes
  2 black mambas
  3 centaur zombies
  7 elephants
  A naga mage (D:15)
  A torpor snail (Lair:6)
  A gargoyle (D:11)
  A kobold demonologist (D:12)
  An unseen horror (shapeshifter) (D:13)
  4 unseen horrors
  A demonic crawler (Lair:1)
  11 komodo dragons
  22 cane toads
  2 freezing wraiths (D:15)
  2 rime drakes
  A tengu conjurer (D:15)
  7 trolls
  A tarantella (Spider:1)
  3 tyrant leeches (Lair:6)
  16 blink frogs
  5 slime creatures (D:13)
  7 dream sheep (Lair:5)
  A centaur simulacrum (D:15)
  A jumping spider (Spider:1)
  2 vampires
  A wraith (D:10)
  36 yaks
  A wyvern (Lair:6)
  2 steam dragons
  6 basilisks
  7 wargs
  13 vampire mosquitoes
  3 acid dragons
  4 nagas (Lair:4)
  17 water moccasins
  An ice beast (D:6)
  A hornet zombie (D:7)
  26 orc warriors
  3 sky beasts
  A swamp drake (Lair:3)
  2 black bears
  10 ogres
  3 boggarts (D:15)
  5 centaurs
  2 necrophages
  12 wolves
  A phantom (D:6)
  18 bullfrogs
  3 kobold brigands
  8 scorpions
  A gnoll sergeant (D:8)
  A water moccasin skeleton (D:4)
  A howler monkey (D:11)
  5 wights (D:5)
  3 electric eels
  2 bullfrog zombies (D:6)
  4 centaur skeletons
  8 orc priests
  A gnoll shaman (D:5)
  2 iguanas
  12 orc wizards
  2 killer bee zombies (D:8)
  2 howler monkey zombies
  6 adders
  9 gnolls
  2 shadow imps
  2 white imps
  An ufetubus (D:5)
  An adder skeleton (D:4)
  3 worms
  A dart slug (D:1)
  68 orcs
  7 ball pythons
  7 endoplasms
  9 giant cockroaches
  5 hobgoblins
  6 quokkas
  6 bats
  5 frilled lizards
  5 goblins
  17 kobolds
  6 rats
583 creatures vanquished.

Vanquished Creatures (collateral kills)
  An orc warlord (Orc:2)
  Snorg (D:12)
  An ettin (Orc:1)
  A hydra (D:14)
  5 death yaks (Lair:5)
  An orc high priest (Orc:2)
  A swamp dragon (Lair:3)
  2 orc knights (Orc:2)
  4 orc sorcerers
  3 elephants (Lair:5)
  A tyrant leech (Lair:6)
  A vampire (D:12)
  3 yaks
  3 vampire mosquitoes (D:12)
  A redback (Spider:1)
  A warg (Orc:2)
  2 water moccasins
  8 orc warriors
  A centaur (D:13)
  A bullfrog (Lair:4)
  An orc priest (Orc:2)
  2 orc wizards
  10 orcs
55 creatures vanquished.

Vanquished Creatures (others)
  A black mamba (Lair:5)
  A tengu conjurer (D:14)
  A vampire mosquito (Lair:3)
  2 gnolls (D:6)
  An orc (Orc:2)
  71 fungi
  115 plants
192 creatures vanquished.

Grand Total: 830 creatures vanquished

Notes
Turn   | Place    | Note
-------+----------+-------------------------------------------
     0 | D:1      | dolemite99 the Deep Dwarf Fighter began the quest for the
                  | Orb.
     0 | D:1      | Reached XP level 1. HP: 20/20 MP: 1/1
    48 | D:1      | Reached XP level 2. HP: 27/27 MP: 2/2
    68 | D:1      | Found Neun's Antique Weapon Shoppe.
   164 | D:1      | Found Dyvon's Book Shoppe.
   660 | D:1      | Found Nangevou's General Store.
   749 | D:1      | Reached XP level 3. HP: 22/33 MP: 3/3
   929 | D:1      | Found Ekuseast's Armour Shoppe.
  1002 | D:2      | Identified the ring "Rantelung" {rC+ rN+ AC+4}
  1157 | D:2      | Identified the +7 spear of Internal Strife {speed, +Blink
                  | rF+ Int+2}
  1273 | D:2      | Found a faded altar of an unknown god.
  1396 | D:2      | Reached skill level 1 in Polearms
  1425 | D:2      | Reached XP level 4. HP: 13/40 MP: 4/4
  1953 | D:3      | Found a hide-covered altar of Uskayaw.
  2032 | D:3      | Noticed a scorpion
  2041 | D:3      | Killed a scorpion
  2042 | D:3      | Reached XP level 5. HP: 34/46 MP: 5/5
  2343 | D:3      | Found a glowing golden altar of the Shining One.
  2343 | D:3      | Found a glowing silver altar of Zin.
  2343 | D:3      | Found a white marble altar of Elyvilon.
  2518 | D:3      | Found an opulent altar of Gozag.
  2519 | D:3      | Found a blossoming altar of Fedhas.
  2970 | D:4      | Found a bloodstained altar of Trog.
  3220 | D:4      | Noticed an ogre
  3242 | D:4      | Killed an ogre
  3243 | D:4      | Reached XP level 6. HP: 27/55 MP: 6/6
  3350 | D:4      | Reached skill level 5 in Polearms
  3759 | D:5      | Entered Level 5 of the Dungeon
  3769 | D:5      | Reached XP level 7. HP: 23/61 MP: 7/7
  4099 | D:5      | Found a staircase to the Ecumenical Temple.
  4104 | D:5      | Found Acrups's Book Shop.
  4115 | Temple   | Entered the Ecumenical Temple
  4558 | D:5      | Found a shadowy altar of Dithmenos.
  4590 | D:5      | Found a sparkling altar of Nemelex Xobeh.
  4734 | D:5      | Reached XP level 8. HP: 36/68 MP: 7/7
  6016 | D:1      | Bought a potion of heal wounds for 60 gold pieces
  6016 | D:1      | Bought a potion of curing for 36 gold pieces
  6016 | D:1      | Bought a scroll of magic mapping for 42 gold pieces
  6077 | D:1      | Bought a hunting sling for 39 gold pieces
  6253 | D:7      | Reached skill level 10 in Polearms
  6300 | D:7      | Gained mutation: You passively map the area around you.
                  | [Deep Dwarf growth]
  6300 | D:7      | Reached XP level 9. HP: 48/74 MP: 8/8
  6332 | D:7      | Found Wocydd's Weapon Boutique.
  6638 | D:6      | Found Xekoisah's Jewellery Boutique.
  6783 | D:7      | Identified the +9 chain mail of Ycatorun {Dex+3 Slay+2}
  7547 | D:8      | Reached skill level 5 in Fighting
  7556 | D:8      | Noticed a two-headed ogre
  7573 | D:8      | Killed a two-headed ogre
  7835 | D:8      | Found a burning altar of Makhleb.
  7842 | D:8      | Became a worshipper of Makhleb the Destroyer
  7895 | D:8      | Found a hazy altar of Hepliaklqana.
  8906 | D:9      | Noticed a two-headed ogre
  8929 | D:9      | Killed a two-headed ogre
  8930 | D:9      | Reached XP level 10. HP: 74/98 MP: 4/4
  9032 | D:9      | Found a staircase to the Lair.
  9102 | D:9      | Found a staircase to the Orcish Mines.
  9190 | D:9      | Reached skill level 5 in Armour
  9198 | D:9      | Reached * piety under Makhleb
  9330 | D:9      | Identified the +1 ring mail of Love and Death {Regen+ Dex-3
                  | SInv}
  9348 | D:9      | Reached skill level 1 in Slings
  9532 | D:9      | Noticed a deep elf pyromancer
  9542 | D:9      | Killed a deep elf pyromancer
  9642 | D:10     | Entered Level 10 of the Dungeon
 10237 | D:10     | Reached skill level 5 in Slings
 10281 | D:10     | Noticed a two-headed ogre
 10307 | D:10     | Killed a two-headed ogre
 10595 | D:11     | Got the Catalogue of the Rocks and Flight
 10637 | D:11     | Noticed a gargoyle
 10667 | D:11     | Killed a gargoyle
 10785 | D:11     | Found a blossoming altar of Fedhas.
 10789 | D:11     | Noticed Urug
 10795 | D:11     | Reached XP level 11. HP: 63/104 MP: 5/5
 10807 | D:11     | Killed Urug
 10940 | D:11     | Reached skill level 5 in Invocations
 11387 | D:1      | Bought an ichor-stained hand crossbow for 221 gold pieces
 11387 | D:1      | Identified the +2 hand crossbow of Light {venom, rCorr}
                  | (You bought it in a shop on level 1 of the Dungeon)
 11678 | Lair:1   | Entered Level 1 of the Lair of Beasts
 11688 | Lair:1   | Noticed an eight-headed hydra
 11705 | Lair:1   | Killed an eight-headed hydra
 11706 | Lair:1   | Reached skill level 1 in Crossbows
 11722 | Lair:1   | Found a glowing silver altar of Zin.
 11781 | Lair:1   | Reached ** piety under Makhleb
 12247 | Lair:1   | Reached skill level 5 in Evocations
 12592 | Lair:1   | Reached skill level 5 in Crossbows
 13161 | Lair:2   | Noticed a four-headed hydra
 13170 | Lair:2   | Killed a four-headed hydra
 13511 | Lair:1   | Reached *** piety under Makhleb
 13542 | Lair:2   | Reached XP level 12. HP: 41/112 MP: 8/8
 13572 | Lair:2   | Found a stormy altar of Qazlal.
 13576 | Lair:2   | Found a hole to the Spider Nest.
 13602 | Lair:2   | Noticed a four-headed hydra
 13609 | Lair:2   | Killed a four-headed hydra
 13910 | Lair:2   | Noticed a boulder beetle
 13914 | Lair:2   | Killed a boulder beetle
 14474 | Lair:2   | Reached skill level 4 in Shields
 15098 | Lair:3   | Reached **** piety under Makhleb
 15570 | Lair:3   | Noticed a four-headed hydra
 15603 | Lair:3   | Killed a four-headed hydra
 16218 | Lair:4   | Noticed a five-headed hydra
 16236 | Lair:4   | Killed a five-headed hydra
 16271 | Lair:4   | Noticed a five-headed hydra
 16282 | Lair:4   | Killed a five-headed hydra
 16305 | Lair:4   | Reached XP level 13. HP: 66/120 MP: 9/9
 16437 | Lair:4   | Noticed Ucinyis's ghost (journeyman MfBe)
 16439 | Lair:4   | Found a transporter.
 16446 | Lair:4   | Found a transporter.
 16645 | Lair:4   | Found a staircase to the Snake Pit.
 16825 | Lair:4   | Identified the ring of Nonoc {Wiz Str+5}
 17344 | Lair:5   | Reached skill level 10 in Armour
 17808 | Lair:5   | Reached skill level 10 in Fighting
 17878 | Lair:5   | Reached skill level 10 in Invocations
 18274 | Lair:6   | Entered Level 6 of the Lair of Beasts
 19916 | Lair:6   | Gained mutation: You resist negative energy. (rN+) [Deep
                  | Dwarf growth]
 19916 | Lair:6   | Reached XP level 14. HP: 82/133 MP: 12/12
 20342 | Lair:6   | Reached ***** piety under Makhleb
 20995 | Lair:6   | Identified the +2 chain mail "Lovos" {rElec}
 23044 | D:12     | Noticed Snorg
 23054 | D:12     | Killed Snorg
 23500 | D:13     | HP: 6/135 [skeletal warrior (20)]
 23852 | D:13     | Noticed Rupert
 24020 | D:13     | Identified the +0 kite shield of the Tanner {rF+++ rC+
                  | Will-}
 24707 | Orc:1    | Entered Level 1 of the Orcish Mines
 25565 | Orc:1    | Found a radiant altar of Vehumet.
 25727 | Orc:1    | Reached skill level 5 in Axes
 26141 | Orc:1    | Found Vugeite's Antique Weapon Shop.
 26196 | Orc:1    | HP: 5/136 [orc warrior (3)]
 26436 | Orc:2    | Entered Level 2 of the Orcish Mines
 27326 | Orc:2    | Reached XP level 15. HP: 61/144 MP: 11/11
 27449 | Orc:2    | Found Eqoa's Antique Weapon Emporium.
 27567 | Orc:2    | Found a staircase to the Elven Halls.
 27816 | Orc:2    | Noticed an orc warlord
 27847 | Orc:2    | Killed an orc warlord
 27964 | Orc:2    | Found Ratz's Antique Armour Emporium.
 28226 | Orc:2    | Found Ustuyr's General Store.
 28280 | Orc:2    | Found Kem Gameptie's Jewellery Shop.
 28580 | Orc:2    | Found Zyminwela's Armour Boutique.
 28665 | Orc:2    | Found Giqux's General Store.
 28928 | Orc:2    | Bought a scroll of summoning for 133 gold pieces
 28928 | Orc:2    | Bought a scroll of blinking for 105 gold pieces
 29158 | Orc:2    | Bought a manual of Shields for 1200 gold pieces
 29162 | Orc:2    | Bought a potion of might for 60 gold pieces
 29162 | Orc:2    | Bought a potion of curing for 45 gold pieces
 29311 | D:13     | Reached skill level 5 in Shields
 29737 | D:13     | Reached skill level 6 in Shields
 30089 | D:13     | Reached skill level 7 in Shields
 30245 | D:13     | Noticed Erolcha
 30250 | D:13     | Killed Erolcha
 30260 | D:13     | Reached skill level 8 in Shields
 30410 | D:13     | Killed Rupert
 30411 | D:13     | Reached skill level 9 in Shields
 30427 | D:13     | HP: 7/144 [skeletal warrior (4)]
 30451 | D:13     | Reached skill level 10 in Shields
 31049 | D:13     | Reached skill level 11 in Shields
 31107 | D:13     | Found a gate to the Vaults.
 31627 | D:15     | Entered Level 15 of the Dungeon
 31627 | D:15     | Found Rust's Distillery.
 31926 | D:15     | Reached skill level 12 in Shields
 32408 | D:15     | Found Hiom's Distillery.
 32417 | D:15     | Found Wopip's General Store.
 32422 | D:15     | Bought a potion of heal wounds for 95 gold pieces
 32460 | D:15     | Reached skill level 13 in Shields
 32767 | D:15     | Reached skill level 14 in Shields
 32860 | D:15     | Found a staircase to the Depths.
 32868 | D:15     | Identified the +0 leather armour of Jujanum {rElec rPois
                  | rF- rC++}
 33380 | D:15     | Found Desm's Antique Weapon Boutique.
 33424 | D:15     | Found Yjuwuel's Weapon Emporium.
 34483 | Spider:1 | Entered Level 1 of the Spider Nest
 34507 | Spider:1 | Slain by a pharaoh ant

Illustrated notes

Levels and vault maps discovered:
D:1:      grunt_arrival_lava_bath, layout_loops_cross, serial_shops, shop, shop,
          shop, shop, minivault_27
D:2:      layout_loops_ring, nicolae_ecumenical_oubliette, grunt_ministairs_4,
          minivault_4
D:3:      layout_basic, good_gods_mini_temple, mainiacjoe_overflow_tiny_flanked,
          nicolae_overflow_hidden_temple
D:4:      layout_loops_ring, mainiacjoe_overflow_brackets, chequers_arboretum
D:5:      layout_basic, mainiacjoe_overflow_two_lobes, minmay_temple_entry_mist,
          serial_shops, shop_fountains, portal_sewer_entry_a,
          mrwooster_statue_mirror
D:6:      layout_cave_pools, serial_shops, nicolae_diamond_shop
D:7:      layout_basic, serial_shops, shop, dk_rats_in_the_wall
D:8:      kennysheep_spiral_hall, layout_basic,
          mainiacjoe_overflow_catch_the_wave
D:9:      layout_big_octagon, david_lair_shrubbed, orc_0_dummy,
          kennysheep_path_1, nicolae_elevator_lobby_plus
D:10:     layout_roguey, kennysheep_generic_room_6
D:11:     wander_river, layout_rooms, nrook_pool_corridor, fedhas_altar_3,
          uniq_urug
D:12:     layout_basic, uniq_snorg
D:13:     layout_basic, skrybe_vaults_entry_preservation, uniq_erolcha,
          uniq_rupert
D:14:     layout_basic, abandoned_shop
D:15:     grunt_enter_depths_magical_seal, layout_cave_pods, serial_shops,
          nicolae_shop_behind_doors, nicolae_shop_hallway_plus, shop,
          nicolae_shop_bloodbath_and_beyond, shop
Temple:   grunt_temple_mini_profane
Lair:1:   layout_layer_cave, basic_altar, beast_lair_carwin_6
Lair:2:   layout_gridlike, nicolae_spider_entry_non_spiders, basic_altar,
          nzn_sisyphean_effort
Lair:3:   layout_chaotic_city, pond
Lair:4:   dragon1_lemuel, layout_cave_shapes,
          minmay_snake_entry_guardpost_small, gammafunk_ghost_arena, st_stairs_3
Lair:5:   layout_loops_ring, minmay_slime_entry_oklob_open,
          chequers_serial_rivers_micro_e
Lair:6:   minmay_lair_end_frog_pond, layout_regular_city
Spider:1: lemuel_spider_zombies
Orc:1:    layout_caves, basic_altar, guppyfry_orc_lava_fort
Orc:2:    grunt_orc_gardens, layout_caves, grunt_orc_garden, grunt_orc_garden,
          grunt_orc_garden, grunt_orc_garden, serial_shops, shop, shop,
          mines1_david

Skill      XL: |  1  2  3  4  5  6  7  8  9 10 11 12 13 14 15 |
---------------+----------------------------------------------+-----
Axes           | 3 4 7 9 |  9.6
Polearms       | 1 3 4 5 7 10 | 10.4
Fighting       | 8 10 11 | 11.8
Armour         | 6 9 11 13 | 13.0
Slings         | 6 |  6.9
Invocations    | 2 6 7 11 13 | 13.3
Crossbows      | 6 9 |  9.7
Evocations     | 8 9 |  9.8
Shields        | 4 14 | 14.8

Action                   |  1- 3 |  4- 6 |  7- 9 | 10-12 | 13-15 || total
-------------------------+-------+-------+-------+-------+-------++-------
Melee: War axe           |    94 |       |       |       |       ||    94
       Spear             |    33 |   102 |   342 |   591 |   671 ||  1739
       Trident           |       |       |       |       |   258 ||   258
       Hand crossbow     |       |       |       |       |     9 ||     9
 Fire: Hunting sling     |       |       |       |    21 |       ||    21
       Hand crossbow     |       |       |       |   152 |   764 ||   916
Throw: Dart              |       |     4 |    21 |    16 |     7 ||    48
       Boomerang         |       |       |     2 |     3 |       ||     5
       Javelin           |       |       |       |       |     3 ||     3
Invok: Lesser Servant of |       |       |       |     4 |    33 ||    37
       Minor Destruction |       |       |       |       |    18 ||    18
       Major Destruction |       |       |       |       |    17 ||    17
       Greater Servant o |       |       |       |       |     1 ||     1
 Abil: Heal Wounds       |       |     2 |    13 |    17 |    48 ||    80
Evoke: Wand              |       |       |     3 |    40 |    19 ||    62
  Use: Scroll            |     4 |     6 |     5 |     3 |    22 ||    40
       Potion            |       |       |       |     3 |     7 ||    10
 Stab: Paralysed         |       |       |       |     9 |       ||     9
       Distracted        |       |       |       |       |     3 ||     3
Armor: Scale mail        |    16 |       |       |       |       ||    16
       Chain mail        |    72 |    37 |   121 |   358 |   754 ||  1342
Dodge: Dodged            |    36 |    23 |    68 |   156 |   360 ||   643
Block: Buckler           |    35 |     8 |    34 |   129 |   198 ||   404
       Kite shield       |       |       |       |       |   133 ||   133

Table legend: (Time is in decaauts)
 A = Elapsed time spent in this place.
 B = Non-inter-level travel time spent in this place.
 C = Inter-level travel time spent in this place.
 D = Time resting spent in this place.
 E = Time spent auto-exploring this place.
 F = Levels seen in this place.
 G = Mean time per level.
                   A        B        C        D        E       F      G
               +--------+--------+--------+--------+--------+-----+--------+
         Total |  33663 |  30710 |   2953 |   9641 |  13816 |  25 | 1346.5 |
       Dungeon |  20427 |  18112 |   2315 |   6156 |   7833 |  15 | 1361.8 |
        Temple |    201 |    176 |     25 |      0 |    173 |   1 |  201.0 |
          Lair |   9405 |   9074 |    331 |   2229 |   4662 |   6 | 1567.5 |
   Spider Nest |     29 |     29 |      0 |      0 |      5 |   1 |   29.0 |
  Orcish Mines |   3599 |   3317 |    282 |   1256 |   1143 |   2 | 1799.5 |
               +--------+--------+--------+--------+--------+-----+--------+

Top non-repeatable levels by time:
  Lair:6: 2590 daAuts
    D:15: 2281 daAuts
    D:13: 2228 daAuts
   Orc:2: 2109 daAuts
    D:12: 1969 daAuts
     D:9: 1805 daAuts
  Lair:1: 1758 daAuts
     D:8: 1564 daAuts
   Orc:1: 1490 daAuts
  Lair:5: 1451 daAuts
    D:14: 1360 daAuts
  Lair:2: 1349 daAuts
  Lair:3: 1297 daAuts
     D:6: 1270 daAuts
     D:1: 1247 daAuts
